 Dungeon Crawl Stone Soup version 0.29.1-15-g9cfb28693d (webtiles) character file.

Game seed: 2817334014331520431

488 Peloso the Covered (level 6, -5/56 HPs)
             Began as a Minotaur Fighter on Feb 28, 2023.
             Was an Initiate of Okawaru.
             Splashed by a jelly's acid (11 damage)
             ... on level 4 of the Dungeon.
             The game lasted 00:10:56 (4113 turns).

Peloso the Covered (Minotaur Fighter)               Turns: 4113, Time: 00:10:57

Health: -5/56      AC:  0    Str: 20    XL:     6   Next: 90%
Magic:  5/5        EV:  7    Int:  5    God:    Okawaru [......]
Gold:   212        SH:  5    Dex: 12    Spells: 5/5 levels left

rFire   . . .      SeeInvis .   a - +0 long sword
rCold   . . .      Faith    .   d - +0 buckler
rNeg    . . .      Spirit   .   l - +1 chain mail
rPois   .          Reflect  .   (helmet restricted)
rElec   .          Harm     .   (no cloak)
rCorr   .          Rampage  .   c - +0 pair of gloves
Will    +....                   (no boots)
Stlth   ..........              (no amulet)
HPRegen 0.18/turn               f - ring of willpower
MPRegen 0.09/turn               (no ring)

@: corroded
A: horns 2, retaliatory headbutt
a: Renounce Religion


You were on level 4 of the Dungeon.
You worshipped Okawaru.
Okawaru was noncommittal.
You visited 1 branch of the dungeon, and saw 4 of its levels.

You collected 212 gold pieces.

Inventory:

Hand Weapons
 a - a +0 long sword (weapon)
Armour
 b - a +0 scale mail
 c - a +0 pair of gloves (worn)
 d - a +0 buckler (worn)
 l - a +1 chain mail (worn)
Jewellery
 f - a ring of willpower (left hand)
 m - the amulet "Suzennup" {Faith Drain rF+ rN+ Will+}
   (You found it on level 2 of the Dungeon)

   [amulet of faith]

   It allows you to gain divine favour quickly.
   rF:        It protects you from fire.
   rN:        It protects you from negative energy.
   Drain:     It drains your maximum health when unequipped.
   Will:      It increases your willpower.
 x - an amulet of guardian spirit
Wands
 p - a wand of paralysis (6)
 v - a wand of mindburst (12)
Scrolls
 j - a scroll of immolation {unknown}
 s - 2 scrolls of enchant armour
 u - a scroll of amnesia {unknown}
 w - a scroll of summoning {unknown}
Potions
 e - 2 potions of haste
 g - a potion of resistance
 h - a potion of invisibility
 i - a potion of might
 k - a potion of brilliance
 o - a potion of ambrosia {unknown}
 q - a potion of mutation {unknown}
 r - 2 potions of lignification {unknown}
 t - a potion of magic {unknown}
 z - a potion of curing {unknown}


   Skills:
 + Level 5.1 Fighting
 + Level 5.4 Long Blades
 + Level 6.3 Armour
 + Level 1.2 Dodging
 + Level 0.1 Stealth
 + Level 4.5 Shields


You had 5 spell levels left.
You didn't know any spells.
Your spell library contained the following spells:

 Spells                   Type           Power      Damage    Failure   Level
 Apportation              Tloc           0%         N/A       99%         1
 Alistair's Intoxication  Tmut/Pois      0%         N/A       100%        5


Dungeon Overview and Level Annotations

Branches:
Dungeon (4/15)
 Temple: D:4-7

Altars:
Makhleb
Okawaru
Trog
Yredelemnul

Annotations:
D:4 Dig


Innate Abilities, Weirdness & Mutations

You have a pair of horns on your head.
You reflexively headbutt those who attack you in melee.


Message History

The jelly is lightly wounded.
The jelly hits you.
You are splashed with acid!
You slash the jelly!
Your hands burn!
The jelly is heavily wounded.
The hound bites you but does no damage. You block the hobgoblin's attack.
The jelly hits you.
You are splashed with acid!
The hound closely misses you.
You hit the jelly.
Your hands burn!
The jelly is severely wounded.
The hound bites you. The jelly barely misses you.
The hobgoblin completely misses you. You furiously retaliate!
You headbutt the hobgoblin. The hound bites you but does no damage.
You hit the jelly. The acid corrodes you!
Your hands burn!
The jelly is severely wounded.
The hobgoblin hits you.
* * * LOW HITPOINT WARNING * * *
The jelly hits you but does no damage. You block the hound's attack.
You hit the jelly but do no damage.
Your hands burn!
* * * LOW HITPOINT WARNING * * *
The jelly is severely wounded.
The hound closely misses you. You furiously retaliate!
You headbutt the hound. You block the jelly's attack. The hobgoblin hits you.
* * * LOW HITPOINT WARNING * * *
The hound bites you but does no damage. The jelly barely misses you.
You block the hobgoblin's attack.
You completely miss the jelly.
The jelly is severely wounded.
The hound bites you but does no damage. The jelly hits you.
* * * LOW HITPOINT WARNING * * *
You are splashed with acid!
* * * LOW HITPOINT WARNING * * *
You block the hobgoblin's attack. You block the hound's attack.
You feel much better. The hound bites you. The jelly hits you.
The acid corrodes you!
You are splashed with acid!
* * * LOW HITPOINT WARNING * * *
The hobgoblin hits you.
* * * LOW HITPOINT WARNING * * *
You block the hound's attack. The jelly hits you.
* * * LOW HITPOINT WARNING * * *
You are splashed with acid!
You die...

# #.# #.# #.####### #
#.####.# #...)...# #
#......# #.###.### #
############# #.# #.#
.........# #.# #.#
.........# #.# #.#
.........######.# #.#
.............##.# #.#
......gJ@### #^ #.#
.......h...# #.#
...........# #.#
#######.#.## #.# #.#...
#.#
###############.######
#.#
....................<..
#.#
###############.#######
#.# .............##.#
#.#


You could see a hound, a jelly and a hobgoblin.

Vanquished Creatures
  A phantom (D:4)
  A scorpion (D:4)
  3 orc priests (D:3)
  A jelly (D:3)
  An iguana (D:4)
  Natasha (twice) (D:4)
  7 adders
  A worm (D:2)
  6 dart slugs
  7 orcs
  7 ball pythons
  5 endoplasms
  A giant cockroach (D:1)
  8 goblins
  7 hobgoblins
  8 jackals
  A quokka (D:1)
  6 bats
  3 frilled lizards (D:1)
  7 kobolds
  5 rats
88 creatures vanquished.

Notes
Turn   | Place    | Note
-------+----------+-------------------------------------------
     0 | D:1      | Peloso the Minotaur Fighter began the quest for the Orb.
     0 | D:1      | Reached XP level 1. HP: 19/19 MP: 0/0
   121 | D:1      | Reached XP level 2. HP: 13/27 MP: 1/1
   713 | D:1      | Reached skill level 4 in Armour
   741 | D:1      | Reached XP level 3. HP: 33/33 MP: 2/2
  1101 | D:2      | Identified the amulet "Suzennup" {Faith Drain rF+ rN+
                  | Will+}
  1443 | D:2      | Found a burning altar of Makhleb.
  1589 | D:2      | Reached XP level 4. HP: 40/40 MP: 3/3
  1878 | D:3      | Found a basalt altar of Yredelemnul.
  2050 | D:3      | Identified the +1 robe "Vesurph" {rF+ Str-2 Slay+5}
  2066 | D:3      | Reached skill level 5 in Armour
  2317 | D:3      | Reached XP level 5. HP: 20/47 MP: 4/4
  2643 | D:3      | Found an iron altar of Okawaru.
  2668 | D:3      | Became a worshipper of Warmaster Okawaru
  2713 | D:3      | Found a bloodstained altar of Trog.
  2992 | D:4      | Reached skill level 1 in Dodging
  2992 | D:4      | Reached XP level 6. HP: 53/53 MP: 5/5
  3181 | D:4      | Noticed Natasha
  3190 | D:4      | Killed Natasha
  3191 | D:4      | Reached skill level 5 in Long Blades
  3291 | D:4      | Reached skill level 6 in Armour
  3339 | D:4      | Reached skill level 5 in Fighting
  3574 | D:4      | Identified the +2 robe of Miracles {Dex+4 Slay+2}
  3979 | D:4      | Noticed Natasha
  3990 | D:4      | Killed Natasha
  4111 | D:4      | HP: 1/56 [acid (8)]
  4113 | D:4      | Splashed by a jelly's acid

Illustrated notes

Levels and vault maps discovered:
D:1:      amcnicky_arrival_flooded_fountain, layout_loops_ring,
          minmay_liquid_box, minmay_stone_trees_medium, minmay_tromino_v4_c
D:2:      layout_rooms, basic_altar, kennysheep_big_empty_room
D:3:      layout_rooms, general_overflow_altar, nicolae_overflow_hidden_temple,
          mainiacjoe_overflow_cross_hatched
D:4:      layout_basic, due_unseen_surprise, uniq_natasha

Skill      XL: |  1  2  3  4  5  6 |
---------------+-------------------+-----
Fighting       | 4 5 |  5.1
Armour         | 4 5 6 |  6.3
Long Blades    | 3 4 5 |  5.4
Shields        | 4 |  4.5
Dodging        | 1 |  1.2
Stealth        | |  0.1

Action                   |  1- 3 |  4- 6 || total
-------------------------+-------+-------++-------
Melee: Long sword        |    88 |   157 ||   245
       Headbutt          |    15 |    17 ||    32
  Use: Scroll            |     1 |     5 ||     6
       Potion            |     1 |     2 ||     3
Armor: Scale mail        |    25 |       ||    25
       Chain mail        |    21 |   111 ||   132
Dodge: Dodged            |    45 |    55 ||   100
Block: Buckler           |    15 |    36 ||    51
